 Dungeon Crawl Stone Soup version 0.28-b1-25-g9875b3fc8c (webtiles) character file.

Game seed: 15082397027604249652

186 mopl the Bolt Thrower (level 5, -7/39 HPs)
             Began as a Formicid Hunter on Feb 8, 2022.
             Mangled by an iguana (10 damage)
             ... on level 4 of the Dungeon.
             The game lasted 00:03:45 (2557 turns).

mopl the Bolt Thrower (Formicid Hunter)             Turns: 2557, Time: 00:03:46

Health: -7/39      AC:  9    Str: 19    XL:     5   Next: 98%
Magic:  5/5        EV: 11    Int: 10    God:
Gold:   126        SH:  0    Dex: 17    Spells: 4/4 levels left

rFire   + . .      SeeInvis +   a - +1 hand crossbow
rCold   . . .      Faith    .   (no shield)
rNeg    . . .      Spirit   .   j - +3 ring mail {rF+}
rPois   .          Reflect  .   (helmet unavailable)
rElec   .          Harm     .   i - scarf {shadows}
rCorr   .          Rampage  .   n - +0 pair of gloves
Will    .....                   (no boots)
Stlth   +.........              (no amulet)
HPRegen 0.13/turn               f - +6 ring of dexterity
MPRegen 0.09/turn               (no ring)

@: no status effects
A: permanent stasis, dig shafts and tunnels, antennae 3, four strong arms
a: Dig, Shaft Self


You were on level 4 of the Dungeon.
You visited 2 branches of the dungeon, and saw 7 of its levels.

You collected 126 gold pieces.

Inventory:

Hand Weapons
 a - a +1 hand crossbow (weapon)
 b - a +0 short sword
 o - a +0 war axe
Missiles
 d - 24 bolts (quivered ammo)
Armour
 i - a scarf of shadows (worn)
 j - a +3 ring mail of fire resistance (worn)
 n - a +0 pair of gloves (worn)
Jewellery
 f - a +6 ring of dexterity (left hand)
 q - a ring of protection from cold
 r - an amulet of regeneration
Scrolls
 c - 2 scrolls of identify {unknown}
 h - a scroll of fog {unknown}
 m - a scroll of brand weapon {unknown}
 p - a scroll of teleportation {unknown}
Potions
 e - a potion of magic {unknown}
 g - a potion of might {unknown}
 k - a potion of curing
 l - a potion of haste {unknown}
 s - a potion of resistance {unknown}
 t - a potion of degeneration {unknown}
 u - a potion of invisibility {unknown}
Miscellaneous
 v - a piece from Xom's chessboard (15/15)


   Skills:
 + Level 2.5 Fighting
 * Level 6.4 Crossbows
 + Level 1.2 Armour
 - Level 1.7 Dodging
 - Level 1.2 Stealth


You had 4 spell levels left.
You didn't know any spells.
Your spell library contained the following spells:

 Spells                   Type           Power      Damage    Failure   Level
 Ensorcelled Hibernation  Hex/Ice        0%         N/A       69%         2
 Gell's Gravitas          Tloc           0%         N/A       89%         3
 Spider Form              Tmut/Pois      0%         N/A       89%         3
 Teleport Other           Tloc           0%         N/A       89%         3
 Anguish                  Hex/Necr       0%         N/A       100%        4
 Dispersal                Tloc           0%         N/A       100%        6


Dungeon Overview and Level Annotations

Branches:
Dungeon (6/15)             Temple (1/1) D:4

Altars:
Dithmenos
Fedhas
Kikubaaqudgha
Qazlal
Ru
Trog
Uskayaw
Vehumet
Xom
Zin

Annotations:
D:4 Robin
D:6 Dowan, Duvessa


Innate Abilities, Weirdness & Mutations

You cannot be hasted, slowed, berserked, paralysed or teleported.
You can dig through walls and to a lower floor.
You have a pair of large antennae on your head. (SInv)
Your four strong arms can wield two-handed weapons with a shield.


Message History

You kill the endoplasm!
The hound bites you but does no damage. The hound closely misses you.
Fire: 29 bolts
Press: ? - help, Q - select action, (/) - cycle Shift-Dir - straight line, f/p - hound
Aim: a hound (heavily wounded, 60% to hit)
You shoot a bolt. The bolt closely misses the hound.
The bolt hits the orc!
You kill the orc!
The hound bites you.
* * * LOW HITPOINT WARNING * * *
The hound closely misses you.
Fire: 28 bolts
Press: ? - help, Q - select action, (/) - cycle Shift-Dir - straight line, f/p - hound
Aim: a hound (heavily wounded, 60% to hit)
You shoot a bolt. The bolt hits the hound.
The hound is heavily wounded.
The hound bites you but does no damage.
The orc priest looks satisfied for a moment.
Fire: 27 bolts
Press: ? - help, Q - select action, (/) - cycle Shift-Dir - straight line, f/p - hound
Aim: a hound (heavily wounded, 60% to hit)
You shoot a bolt.
The bolt hits the hound but does no damage.
The hound is heavily wounded.
The hound bites you but does no damage. The hound barely misses you.
Fire: 26 bolts
Press: ? - help, Q - select action, (/) - cycle Shift-Dir - straight line, f/p - hound
Aim: a hound (heavily wounded, 60% to hit)
You shoot a bolt. The bolt hits the hound!
You kill the hound!
The orc priest mumbles some strange prayers to Beogh against you.
Beogh smites you!
* * * LOW HITPOINT WARNING * * *
Your life force feels restored.
Fire: 25 bolts
Press: ? - help, Q - select action, (/) - cycle Shift-Dir - straight line, f - iguana
Aim: an iguana (lightly wounded, 71% to hit)
You shoot a bolt. The bolt hits the iguana.
The iguana is moderately wounded.
The iguana bites you!
You die...

#.#.. .# #.#.##
#.#.$## ###
#.#...# ..#
#.....# #.#
#.._..# #.#
#....## #.#
#o#.## #@#
#.#.# #l# #.#{#
#)#####.#.#
#o<.......#
#........######
##########


You could see an iguana and an orc priest.

Vanquished Creatures
  2 jellies
  A hound (D:4)
  A killer bee zombie (D:6)
  3 adders
  A dart slug (D:2)
  An orc (D:4)
  4 endoplasms
  2 giant cockroaches
  7 goblins
  8 hobgoblins
  A quokka (D:1)
  4 bats
  2 frilled lizards (D:2)
  6 kobolds
  3 rats
46 creatures vanquished.

Notes
Turn   | Place    | Note
-------+----------+-------------------------------------------
     0 | D:1      | mopl the Formicid Hunter began the quest for the Orb.
     0 | D:1      | Reached XP level 1. HP: 16/16 MP: 1/1
     0 | D:1      | Noticed a demonspawn zombie
    16 | D:1      | Noticed a minotaur zombie
   466 | D:1      | Reached XP level 2. HP: 11/22 MP: 2/2
  1112 | D:2      | HP: 1/20 [adder (1)]
  1116 | D:2      | Reached XP level 3. HP: 13/27 MP: 3/3
  1628 | D:2      | Reached skill level 5 in Crossbows
  2129 | D:3      | You fall into a shaft and drop 3 floors!
  2140 | D:6      | Reached XP level 4. HP: 22/33 MP: 4/4
  2252 | D:6      | Noticed Duvessa
  2258 | D:6      | Noticed Dowan
  2261 | D:5      | Entered Level 5 of the Dungeon
  2273 | D:5      | Reached XP level 5. HP: 29/38 MP: 5/5
  2350 | D:4      | Noticed Robin
  2380 | D:4      | Reached skill level 1 in Armour
  2385 | D:4      | Reached skill level 6 in Crossbows
  2410 | D:4      | Found a staircase to the Ecumenical Temple.
  2436 | Temple   | Entered the Ecumenical Temple
  2527 | D:4      | Found a shimmering altar of Xom.
  2557 | D:4      | Mangled by an iguana

Illustrated notes

Levels and vault maps discovered:
D:1:      shiori_arrival_whats_in_store_for_you, layout_basic,
          minmay_misc_feat_rugged, minivault_23, chequers_serial_rivers_micro_b,
          chequers_serial_rivers_micro_d, due_unseen_surprise
D:2:      minmay_wonky_spiral, layout_basic
D:3:      layout_basic, slow_altar_1, jmf_multi_god_temple2,
          mainiacjoe_overflow_alcove_4, chequers_ecumenical_altar_simple_redux,
          uniq_jessica, uniq_grinder, uniq_sigmund
D:4:      layout_loops_ring, xom_butterflies, okawaru_gym_becter, temple_pool_b,
          portal_sewer_entry_e, uniq_robin
D:5:      cheibrodos_two_vegetables, layout_rooms, nemelex_diamond_rough_becter
D:6:      layout_rooms, minitemple, corexii_mini_fake_secret_closet,
          minmay_misc_feat_plants, uniq_duvessa, uniq_prince_ribbit1
Temple:   compressed_dpeg_triangle_lava_temple

Skill      XL: |  1  2  3  4  5 |
---------------+----------------+-----
Crossbows      | 5 6 |  6.4
Armour         | 1 |  1.2
Fighting       | |  2.5
Dodging        | |  1.7
Stealth        | |  1.2

Action                   |  1- 3 |  4- 6 || total
-------------------------+-------+-------++-------
Melee: Short sword       |    68 |       ||    68
       Punch             |     2 |       ||     2
       War axe           |    25 |    11 ||    36
 Fire: Hand crossbow     |       |    35 ||    35
 Abil: Dig               |     2 |     1 ||     3
  Use: Potion            |     1 |     1 ||     2
 Stab: Sleeping          |     3 |       ||     3
Armor: Ring mail         |    45 |    19 ||    64
Dodge: Dodged            |    54 |    35 ||    89
